 Dungeon Crawl Stone Soup version 0.31-a0-8-gd14b0f4ee2 (webtiles) character file.

Game seed: 2132404255824403216

68150 Gargoyl the Tortoise (level 15, -6/100 HPs)
             Began as a Gargoyle Berserker on May 7, 2023.
             Was an Elder of Trog.
             Mangled by an ettin
             ... wielding a +0 dire flail
              (12 damage)
             ... on level 2 of the Orcish Mines.
             The game lasted 00:32:20 (19289 turns).

Gargoyl the Tortoise (Gargoyle Berserker)          Turns: 19289, Time: 00:32:20

Health: -6/100     AC: 34    Str: 23    XL:     15   Next: 25%
Magic:  15/15      EV: 16    Int:  9    God:    Trog [****..]
Gold:   1295       SH:  0    Dex: 13    Spells: 14/14 levels left

rFire   + . .        a - +2 hand axe (spect)
rCold   + . .        (no shield)
rNeg    + . .        T - +1 chain mail of Beogh's Supremacy {rC+ Will+}
rPois   ∞            W - +0 helmet
rElec   +            r - +0 cloak
rCorr   .            b - +1 pair of gloves
SInv    +            g - +1 pair of boots
Will    +++..        (no amulet) Stlth
                     C - ring "Lezo" {rElec EV+5 SInv Stlth-}
HPRegen 0.36/turn    H - ring of protection from fire
MPRegen 0.14/turn

%: no passive effects
@: flying
A: sickness immunity, AC +11, big wings, negative energy resistance 1,
electricity resistance, torment resistance 1, petrification resistance, see
invisible, strong-willed 1
a: Renounce Religion, Berserk, Trog's Hand, Brothers in Arms


You were on level 2 of the Orcish Mines.
You worshipped Trog.
Trog was greatly pleased with you.
You visited 3 branches of the dungeon, and saw 19 of its levels.

You collected 1574 gold pieces.
You spent 279 gold pieces at shops.

Inventory:

Hand Weapons
 a - a +2 spectral hand axe (weapon)
 i - a +0 spear
 m - a +3 short sword of holy wrath
 E - a +3 war axe
 I - a +4 hand axe
Missiles
 d - 47 poisoned darts (quivered)
 K - 3 throwing nets
 S - 6 curare-tipped darts
Armour
 b - a +1 pair of gloves (worn)
 g - a +1 pair of boots (worn)
 r - a +0 cloak (worn)
 T - the +1 chain mail of Beogh's Supremacy (worn) {rC+ Will+}
   (You found it on level 4 of the Lair of Beasts)

   rC:        It protects you from cold.
   Will:      It increases your willpower.
 W - a +0 helmet (worn)
Jewellery
 q - a ring of fire
 C - the ring "Lezo" (left hand) {rElec EV+5 SInv Stlth-}
   (You found it on level 5 of the Lair of Beasts)

   [ring of evasion]

   EV:        It affects your evasion (+5).
   rElec:     It insulates you from electricity.
   SInv:      It lets you see invisible.
   Stlth:     It makes you less stealthy.
 H - a ring of protection from fire (right hand)
 L - an amulet of guardian spirit
 N - a +6 ring of dexterity
 O - a +6 ring of strength
 R - a ring of flight
 V - a +6 ring of intelligence
Wands
 u - a wand of quicksilver (13)
 F - a wand of flame (18)
 G - a wand of paralysis (14)
 J - a wand of polymorph (16)
 U - a wand of iceblast (6)
Scrolls
 e - 3 scrolls of silence
 j - 5 scrolls of teleportation
 n - 8 scrolls of fear
 o - 10 scrolls of identify
 p - a scroll of amnesia
 v - 7 scrolls of magic mapping
 x - 4 scrolls of enchant armour
 y - 2 scrolls of fog
 z - 3 scrolls of summoning
 A - 3 scrolls of enchant weapon
 M - a scroll of poison
 Q - 3 scrolls of blinking
Potions
 c - 2 potions of resistance
 f - 4 potions of berserk rage
 h - 13 potions of curing
 k - a potion of cancellation
 l - 3 potions of magic
 s - 2 potions of flight
 t - 3 potions of degeneration
 w - 3 potions of mutation
 B - a potion of lignification
 D - 4 potions of heal wounds
 P - 2 potions of invisibility


   Skills:
 + Level 14.0 Fighting
 + Level 2.7 Short Blades
 + Level 15.1 Axes
 + Level 2.5 Throwing
 + Level 15.1 Armour
 + Level 5.3 Dodging
 + Level 8.8 Stealth
 + Level 1.2 Evocations


You had 14 spell levels left.
You didn't know any spells.
Your spell library was empty.

Dungeon Overview and Level Annotations

Branches:
Dungeon (12/15)            Temple (0/1) D:4            Lair (5/5) D:9
  Swamp (0/4) Lair:3        Snake (0/4) Lair:3        Slime (0/5) Lair:5
    Orc (2/2) D:10            Elf (0/3) Orc:2

Altars:
Fedhas
Yredelemnul
The Shining One
Jiyva

Shops:
D:3 [   D:5 ?*((!   Orc:2 *:[(


Innate Abilities, Weirdness & Mutations

You are immune to sickness and miasma.
Your stone body is resilient. (AC +11)
You are immune to poison.
Your large and strong wings let you fly.
You resist negative energy. (rN+)
You are resistant to electric shocks. (rElec)
You are resistant to unholy torment.
You are immune to petrification.
You have supernaturally acute eyesight. (SInv)
You are strong-willed. (Will+)


Message History

You see here a +0 giant club.
You now have 1198 gold pieces (gained 14).
Items here: )) ÷÷.
Key pressed, stopping explore.
Things that are here:
a +0 giant spiked club; an ogre corpse You now have 1227 gold pieces (gained 29).
You now have 1239 gold pieces (gained 12).
Key pressed, stopping explore.
You now have 1256 gold pieces (gained 17).
You now have 1275 gold pieces (gained 19).
You now have 1295 gold pieces (gained 20).
Items here: ))) [ ÷.
Items here: ))) ÷÷.
Items here: )))))) [ ÷÷÷.
Items here: )) [ ÷÷.
Things that are here:
a +0 giant club; an ogre skeleton An ettin comes into view.
It is wielding two +0 dire flails.
Found a staircase to the Elven Halls.
The ettin shouts in stereo!
An ettin is nearby!
An ettin is nearby!
The ettin hits you with a +0 dire flail!!
The ettin misses you.
You slash the ettin! You punch the ettin.
The ettin is moderately wounded.
Your +2 spectral hand axe hits the ettin!
You barely miss the ettin. You punch the ettin.
The ettin is heavily wounded.
Your +2 spectral hand axe barely misses the ettin.
The ettin hits you with a +0 dire flail!! x2
* * * LOW HITPOINT WARNING * * *
You hit the ettin but do no damage.
The ettin is heavily wounded.
Your +2 spectral hand axe hits the ettin.
The ettin hits you with a +0 dire flail.
* * * LOW HITPOINT WARNING * * *
The ettin hits you with a +0 dire flail!
You die...

...............)))).....
.................).)....
...............))..)....
........................
........................
........................
........................
........................
.......@................
.......C................
.......(................
........................
#..>....................
##.##.#.#.......##.#.#..
## ########### #######


You could see an ettin and a friendly +2 spectral hand axe.

Vanquished Creatures
  3 hydras
  3 ogre magi (Orc:2)
  A merfolk avatar (Lair:5)
  2 boulder beetles (D:11)
  6 death yaks
  17 two-headed ogres
  The ghost of Numeracy the Basher, a novice DsFi of Okawaru (D:8)
  Nergalle (Lair:1)
  Sonja (Lair:3)
  3 skysharks
  5 skeletal warriors (D:11)
  Pikel (D:6)
  2 oklob plants (Lair:2)
  6 cyclopes
  6 elephants
  A manticore (D:11)
  16 black mambas
  7 cane toads
  A gargoyle (D:12)
  13 komodo dragons
  5 rime drakes
  2 kobold demonologists
  2 trolls
  A wind drake (Lair:5)
  2 polar bears
  Grinder (D:5)
  A tyrant leech (Lair:3)
  2 hornets
  Prince Ribbit (D:9)
  10 blink frogs
  A snapping turtle (Lair:5)
  6 dream sheep (Lair:3)
  5 slime creatures
  2 vampires
  A wraith (D:9)
  2 shadows
  6 wyverns
  12 yaks
  3 basilisks
  2 steam dragons
  8 vampire mosquitoes (D:11)
  Grum (Lair:1)
  2 swamp worms (Lair:3)
  A warg (Orc:1)
  An acid dragon (D:11)
  3 nagas (Lair:3)
  9 water moccasins
  9 orc warriors
  8 ice beasts
  A sky beast (D:8)
  3 black bears
  21 ogres
  17 wolves
  4 centaurs
  3 phantoms
  11 kobold brigands
  10 bullfrogs
  A gnoll sergeant (D:6)
  Blork the orc (D:6)
  4 scorpions
  8 wights
  2 electric eels (Lair:2)
  4 howler monkeys
  A lava snake (Lair:2)
  3 hounds
  6 jellies
  7 orc priests
  4 iguanas
  2 sleepcaps
  21 orc wizards
  7 gnolls
  4 adders
  3 worms
  4 dart slugs
  68 orcs
  6 ball pythons
  5 bats
  9 endoplasms
  5 giant cockroaches
  7 goblins
  5 hobgoblins
  8 jackals (D:1)
  6 quokkas
  2 frilled lizards
  15 kobolds
  5 rats
  A fungus (Lair:5)
499 creatures vanquished.

Vanquished Creatures (collateral kills)
  An ogre mage (Orc:2)
  2 two-headed ogres (Orc:2)
  2 slime creatures (D:9)
  4 ogres (Orc:2)
  A jelly (D:7)
  2 sleepcaps (D:7)
12 creatures vanquished.

Vanquished Creatures (others)
  2 kobold brigands
  41 fungi
  58 plants
  8 spectral weapons
109 creatures vanquished.

Grand Total: 620 creatures vanquished

Notes
Turn   | Place    | Note
-------+----------+-------------------------------------------
     0 | D:1      | Gargoyl the Gargoyle Berserker began the quest for the Orb.
     0 | D:1      | Reached XP level 1. HP: 14/14 MP: 1/1
    87 | D:1      | Reached XP level 2. HP: 15/19 MP: 2/2
   275 | D:1      | Reached XP level 3. HP: 24/24 MP: 3/3
   677 | D:2      | You fall into a shaft and drop 2 floors!
   713 | D:4      | Noticed a phantom
   776 | D:2      | Reached ** piety under Trog
  1015 | D:2      | Found a faded altar of an unknown god.
  1177 | D:3      | Gained mutation: You sometimes lose your temper in combat.
                  | [potion of mutation]
  1177 | D:3      | Gained mutation: You are weak. (Str -2) [potion of
                  | mutation]
  1177 | D:3      | Gained mutation: You occasionally shout uncontrollably at
                  | your foes. [potion of mutation]
  1177 | D:3      | Gained mutation: You have supernaturally acute eyesight.
                  | (SInv) [potion of mutation]
  1218 | D:3      | Reached XP level 4. HP: 29/29 MP: 4/4
  1337 | D:3      | Reached XP level 5. HP: 27/33 MP: 5/5
  1533 | D:3      | Found Iriesab's Armour Boutique.
  2327 | D:4      | Noticed an ice beast
  2336 | D:4      | Reached XP level 6. HP: 39/39 MP: 6/6
  2337 | D:4      | Killed an ice beast
  2337 | D:4      | Reached *** piety under Trog
  2338 | D:4      | Reached skill level 1 in Stealth
  2363 | D:4      | Reached skill level 5 in Axes
  2363 | D:4      | Reached XP level 7. HP: 33/44 MP: 7/7
  3047 | D:4      | Found a staircase to the Ecumenical Temple.
  3112 | D:4      | Lost mutation: You are weak. (Str -2) [potion of mutation]
  3112 | D:4      | Lost mutation: You occasionally shout uncontrollably at
                  | your foes. [potion of mutation]
  3112 | D:4      | Lost mutation: You sometimes lose your temper in combat.
                  | [potion of mutation]
  3112 | D:4      | Gained mutation: You are strong-willed. (Will+) [potion of
                  | mutation]
  3142 | D:5      | Entered Level 5 of the Dungeon
  3142 | D:5      | Noticed Grinder
  3179 | D:5      | Killed Grinder
  3180 | D:5      | Reached skill level 5 in Armour
  3215 | D:5      | Found Lidoson's Antique Weapon Emporium.
  3332 | D:5      | Reached XP level 8. HP: 48/48 MP: 8/8
  3356 | D:5      | Found Velacunt's Distillery.
  3365 | D:5      | Found Imoxieb's Weapon Emporium.
  3559 | D:5      | Reached skill level 5 in Fighting
  3624 | D:5      | Found Sekloino's Magic Scroll Shoppe.
  3632 | D:5      | Bought a scroll of teleportation for 36 gold pieces
  3632 | D:5      | Bought a scroll of enchant armour for 90 gold pieces
  3842 | D:5      | Found Hadauh's Assorted Antiques.
  3851 | D:5      | Bought a fizzy dark potion for 19 gold pieces
  3851 | D:5      | Bought a fizzy dark potion for 19 gold pieces
  3851 | D:5      | Bought a glowing cyan potion for 19 gold pieces
  3952 | D:5      | Found a basalt altar of Yredelemnul.
  4028 | D:6      | Noticed Blork the orc
  4033 | D:6      | Killed Blork the orc
  4098 | D:6      | Reached XP level 9. HP: 45/55 MP: 9/9
  4446 | D:6      | Reached **** piety under Trog
  4702 | D:6      | Noticed Pikel
  4716 | D:6      | Killed Pikel
  4890 | D:7      | Noticed a cyclops
  4903 | D:7      | Killed a cyclops
  4904 | D:7      | Reached XP level 10. HP: 39/63 MP: 10/10
  5640 | D:8      | Reached skill level 10 in Axes
  5989 | D:8      | Found a runed translucent gate.
  5990 | D:8      | Found a runed translucent gate.
  5991 | D:8      | Found a runed translucent gate.
  5991 | D:8      | Noticed a kobold demonologist
  5991 | D:8      | Noticed Numeracy's ghost (novice DsFi)
  6315 | D:8      | Killed a kobold demonologist
  6327 | D:8      | Killed Numeracy's ghost
  6495 | D:9      | Noticed Prince Ribbit
  6500 | D:9      | Reached XP level 11. HP: 56/69 MP: 11/11
  6518 | D:9      | Killed Prince Ribbit
  6753 | D:9      | Found a staircase to the Lair.
  7009 | D:9      | Found a blossoming altar of Fedhas.
  7388 | Lair:1   | Entered Level 1 of the Lair of Beasts
  7551 | Lair:1   | Noticed Nergalle
  7567 | Lair:1   | Killed Nergalle
  7823 | Lair:1   | Identified the +3 robe of the Gloaming {Drain rF+++ rCorr
                  | Slay-6}
  7836 | Lair:1   | Reached skill level 10 in Armour
  8070 | Lair:1   | Noticed Grum
  8095 | Lair:1   | Killed Grum
  8910 | Lair:1   | Reached skill level 5 in Stealth
  8928 | Lair:1   | Reached XP level 12. HP: 41/77 MP: 12/12
  9196 | Lair:2   | Reached skill level 10 in Fighting
  9814 | Lair:2   | Found a blossoming altar of Fedhas.
 10601 | Lair:2   | Noticed a four-headed hydra
 10618 | Lair:2   | Killed a four-headed hydra
 10884 | Lair:3   | Found a staircase to the Swamp.
 10986 | Lair:3   | Reached skill level 1 in Short Blades
 11592 | Lair:3   | Noticed Sonja
 11599 | Lair:3   | Killed Sonja
 11603 | Lair:3   | Found a staircase to the Snake Pit.
 12065 | Lair:4   | Reached XP level 13. HP: 79/84 MP: 13/13
 12203 | Lair:4   | Reached skill level 1 in Throwing
 12397 | Lair:4   | Identified the +3 kite shield of Qazlal's Delight {Harm rC-
                  | SInv}
 12494 | Lair:4   | Identified the +1 chain mail of Beogh's Supremacy {rC+
                  | Will+}
 13021 | Lair:5   | Entered Level 5 of the Lair of Beasts
 14330 | Lair:5   | Gained mutation: Your large and strong wings let you fly.
                  | [Gargoyle growth]
 14330 | Lair:5   | Reached XP level 14. HP: 49/92 MP: 14/14
 14803 | Lair:5   | Found a staircase to the Slime Pits.
 14805 | Lair:5   | Found a viscous altar of Jiyva.
 14915 | Lair:5   | Identified the ring "Lezo" {rElec EV+5 SInv Stlth-}
 15351 | D:10     | Entered Level 10 of the Dungeon
 15364 | D:10     | Found a staircase to the Orcish Mines.
 15520 | D:10     | Reached skill level 1 in Evocations
 16554 | D:11     | Found a glowing golden altar of the Shining One.
 17938 | D:12     | Identified the +0 leather armour "Laefadei" {+Inv Dex+3}
 18376 | Orc:1    | Entered Level 1 of the Orcish Mines
 18388 | Orc:1    | Reached skill level 5 in Dodging
 18669 | Orc:2    | Entered Level 2 of the Orcish Mines
 18900 | Orc:2    | Reached XP level 15. HP: 61/99 MP: 15/15
 18901 | Orc:2    | Reached skill level 15 in Armour
 18934 | Orc:2    | Reached skill level 15 in Axes
 18970 | Orc:2    | Found Muwos's Book Shop.
 18970 | Orc:2    | Found Dunnaggo's Assorted Antiques.
 18971 | Orc:2    | Found Unocatru's Weapon Shoppe.
 18971 | Orc:2    | Found Moqauw's Armour Shop.
 19070 | Orc:2    | Bought a scroll of teleportation for 96 gold pieces
 19283 | Orc:2    | Found a staircase to the Elven Halls.
 19289 | Orc:2    | Mangled by an ettin

Illustrated notes

Levels and vault maps discovered:
D:1:      minmay_arrival_hallway, layout_rooms
D:2:      layout_rooms, chequers_ecumenical_altar_simple_redux
D:3:      layout_basic, serial_shops, shop,
          hangedman_abyss_or_decor_lesser_grid, minmay_fractal_squares_5
D:4:      layout_basic, minmay_temple_entry_poolview, nicolae_eternal_life
D:5:      layout_loops_ring, yredelemnul_altar_generic, serial_shops,
          shop_statue, nicolae_lakefront_shop, shop,
          nicolae_shop_just_a_little_nook, nicolae_shop_tiny_glass,
          minivault_24, nicolae_kite_square_tiling_tiny, grunt_ministairs_8,
          st_stairs_12, uniq_grinder
D:6:      layout_rooms, uniq_pikel, uniq_blork_the_orc
D:7:      layout_basic
D:8:      layout_loops_ring, gammafunk_ghost_nasty_kobolds
D:9:      layout_big_octagon, lemuel_tele_altar, hellmonk_lair_entry_icy,
          enter_bailey_2, chequers_serial_rivers_large_a,
          kennysheep_generic_room_9, uniq_prince_ribbit1
D:10:     layout_irregular_city, david_orc_2
D:11:     layout_roguey, grunt_ministairs_2, nicolae_tso_carved_into_rock
D:12:     layout_cave_pools
Lair:1:   layout_loops_ring, uniq_nergalle, uniq_grum
Lair:2:   cheibrodos_lair_river_kwai, layout_gridlike,
          grunt_forest_stairs_basic, hangedman_tree_tricks,
          dpeg_stationary_puzzle
Lair:3:   wander_river, layout_regular_city, minmay_swamp_entry_worms,
          minmay_snake_entry_guardpost_small, uniq_sonja
Lair:4:   layout_gridlike, grunt_megastairs_4
Lair:5:   gammafunk_lair_ancient_temple, layout_loops_ring,
          nicolae_slime_entry_slimehenge, serial_bayou_pond_d
Orc:1:    layout_caves, basic_altar
Orc:2:    st_orc_ogre_mass, layout_diamond_mine

Skill      XL: |  1  2  3  4  5  6  7  8  9 10 11 12 13 14 15 |
---------------+----------------------------------------------+-----
Axes           | 3 4 5 6 7 9 11 12 13 14 15 | 15.1
Fighting       | 4 6 7 8 9 11 12 13 14 | 14.0
Armour         | 3 4 5 6 8 9 10 12 13 14 15 | 15.1
Stealth        | 1 2 3 5 6 8 |  8.8
Dodging        | 2 3 5 |  5.3
Short Blades   | 2 |  2.7
Throwing       | 1 2 |  2.5
Evocations     | 1 |  1.2

Action                     |  1- 3 |  4- 6 |  7- 9 | 10-12 | 13-15 || total
---------------------------+-------+-------+-------+-------+-------++-------
  Melee: Hand axe          |   111 |   105 |   248 |   654 |   744 ||  1862
         Punch             |     1 |       |     1 |    12 |    20 ||    34
         Short sword       |       |       |       |    11 |    44 ||    55
  Throw: Dart              |       |       |       |     8 |    18 ||    26
 Invoke: Berserk           |     1 |     3 |     5 |    15 |    18 ||    42
         Trog's Hand       |       |       |     3 |    13 |    19 ||    35
         Brothers in Arms  |       |       |     1 |     1 |     2 ||     4
  Evoke: Wand              |       |       |       |       |     8 ||     8
    Use: Scroll            |    11 |     3 |     3 |     2 |     6 ||    25
         Potion            |     1 |       |     6 |       |     7 ||    14
   Stab: Distracted        |       |     2 |     3 |    12 |    24 ||    41
 Armour: Animal skin       |    36 |       |       |       |       ||    36
         Ring mail         |    15 |       |       |       |       ||    15
         Plate armour      |     5 |   110 |   201 |   407 |    60 ||   783
         Chain mail        |       |       |       |       |   365 ||   365
         Skin              |       |       |       |       |    11 ||    11
  Dodge: Dodged            |    94 |    38 |    87 |   222 |   417 ||   858

Table legend: (Time is in decaauts)
 A = Elapsed time spent in this place.
 B = Non-inter-level travel time spent in this place.
 C = Inter-level travel time spent in this place.
 D = Time resting spent in this place.
 E = Time spent auto-exploring this place.
 F = Levels seen in this place.
 G = Mean time per level.
                   A        B        C        D        E       F      G
               +--------+--------+--------+--------+--------+-----+--------+
         Total |  19209 |  18574 |    635 |   1169 |  13535 |  19 | 1011.0 |
       Dungeon |  10558 |  10152 |    406 |    170 |   7753 |  12 |  879.8 |
          Lair |   7772 |   7557 |    215 |    958 |   5199 |   5 | 1554.4 |
  Orcish Mines |    878 |    865 |     13 |     41 |    582 |   2 |  439.0 |
               +--------+--------+--------+--------+--------+-----+--------+

Top non-repeatable levels by time:
  Lair:5: 1853 daAuts
  Lair:2: 1716 daAuts
  Lair:1: 1686 daAuts
    D:11: 1357 daAuts
  Lair:4: 1264 daAuts
  Lair:3: 1250 daAuts
     D:4: 1112 daAuts
     D:8: 1098 daAuts
     D:3: 1048 daAuts
     D:5: 903 daAuts
    D:10: 839 daAuts
     D:9: 816 daAuts
     D:6: 795 daAuts
    D:12: 791 daAuts
     D:7: 746 daAuts
